General information
- name: BNet
- type: Ladder team game (AT/RT)
- host: Battle.net
- saver: JesusSaves
map: Mur'gulOasis
- players: 8
- length: 29:56
- speed: Fast
- version: 1.27 W3XP
- replay type: Public
» download(187 KB)
Players
team 1 (winner)
HEYSUPBRO (
pink | 83 APM | 2479 actions | 29:55)
6 Archmage
1 Summon Water Elemental
1 Brilliance Aura
3 Blizzard
1 Mass Teleport
4 Paladin
2 Holy Light
1 Devotion Aura
1 Divine Shield
» actions
| Assign group hotkey | 117 | |
| Basic commands | 2 | |
| Build / train | 97 | |
| ESC pressed | 1 | |
| Enter build submenu | 38 | |
| Enter hero's abilities submenu | 10 | |
| Give item / drop item | 2 | |
| Remove unit from queue | 1 | |
| Right click | 1550 | |
| Select / deselect | 336 | |
| Select group hotkey | 248 | |
| Use ability | 77 | |
2479 total
» units
| Peasant | 22 | |
| Rifleman | 7 | |
| Siege Engine | 2 | |
| Gryphon Rider | 9 | |
| Dragonhawk Rider | 1 | |
| Mortar Team | 1 | |
42 total
» upgrades
| Masonry | 2 | |
| Gunpowder | 1 | |
| Plating | 1 | |
| Long Rifles | 1 | |
| Barrage | 1 | |
| Animal War Training | 1 | |
| Storm Hammers | 1 | |
| Fragmentation Shards | 1 | |
| Swords | 1 | |
| Armor | 1 | |
11 total
» buildings
| Blacksmith | 1 | |
| Altar of Kings | 1 | |
| Farm | 10 | |
| Barracks | 1 | |
| Scout Tower | 7 | |
| Arcane Tower | 3 | |
| Keep | 4 | |
| Lumber Mill | 1 | |
| Guard Tower | 6 | |
| Castle | 3 | |
| Workshop | 3 | |
| Arcane Vault | 1 | |
| Gryphon Aviary | 6 | |
| Town Hall | 2 | |
49 total
» build order
00:55 Blacksmith
00:59 Altar of Kings
01:07 Farm
01:24 Barracks
01:28 Farm
01:43 Scout Tower
02:13 Arcane Tower
02:21 Farm
03:24 Scout Tower
03:59 Farm
04:13 Keep
04:13 Keep
04:13 Keep
04:55 Lumber Mill
05:58 Guard Tower
05:58 Guard Tower
05:59 Scout Tower
06:01 Scout Tower
06:18 Farm
06:20 Farm
06:53 Guard Tower
07:07 Guard Tower
07:20 Castle
07:20 Castle
08:24 Workshop
08:28 Workshop
10:36 Workshop
10:55 Arcane Vault
11:10 Gryphon Aviary
14:20 Farm
16:27 Gryphon Aviary
16:33 Gryphon Aviary
18:23 Gryphon Aviary
20:09 Farm
20:57 Farm
21:40 Farm
24:36 Gryphon Aviary
24:40 Gryphon Aviary
25:58 Town Hall
26:03 Scout Tower
26:03 Scout Tower
26:04 Scout Tower
26:34 Arcane Tower
27:46 Guard Tower
29:34 Town Hall
» items
| Staff of Teleportation | 1 | |
| Potion of Lesser Invulnerability | 1 | |
| Staff of Sanctuary | 2 | |
| Scroll of Town Portal | 2 | |
| Scroll of Regeneration | 3 | |
| Potion of Healing | 1 | |
| Dust of Appearance | 1 | |
11 total

»
CRITICAL_ (
green | 53 APM | 1598 actions | 29:55)
8 Death Knight
3 Death Coil
3 Unholy Aura
1 Animate Dead
1 Death Pact
4 Lich
2 Frost Nova
2 Frost Armor
5 Crypt Lord
3 Impale
2 Spiked Carapace
» actions
| Assign group hotkey | 27 | |
| Basic commands | 43 | |
| Build / train | 94 | |
| Enter build submenu | 17 | |
| Enter hero's abilities submenu | 17 | |
| Give item / drop item | 4 | |
| Right click | 845 | |
| Select / deselect | 299 | |
| Select group hotkey | 122 | |
| Use ability | 130 | |
1598 total
» units
| Acolyte | 8 | |
| Ghoul | 2 | |
| Crypt Fiend | 12 | |
| Frost Wyrm | 11 | |
33 total
» upgrades
| Creature Attack | 3 | |
| Web | 1 | |
| Creature Carapace | 1 | |
| Freezing Breath | 1 | |
6 total
» buildings
| Graveyard | 1 | |
| Crypt | 1 | |
| Altar of Darkness | 1 | |
| Ziggurat | 8 | |
| Tomb of Relics | 1 | |
| Halls of the Dead | 1 | |
| Black Citadel | 1 | |
| Sacrificial Pit | 1 | |
| Spirit Tower | 2 | |
| Boneyard | 2 | |
| Nerubian Tower | 2 | |
21 total
» build order
00:09 Graveyard
00:17 Crypt
00:30 Altar of Darkness
00:48 Ziggurat
01:08 Tomb of Relics
01:17 Ziggurat
03:57 Halls of the Dead
04:52 Ziggurat
07:08 Black Citadel
07:11 Sacrificial Pit
07:18 Ziggurat
07:19 Ziggurat
09:28 Spirit Tower
09:29 Spirit Tower
09:32 Boneyard
09:33 Boneyard
10:09 Ziggurat
13:30 Ziggurat
13:31 Ziggurat
14:17 Nerubian Tower
20:35 Nerubian Tower
» items
| Rod of Necromancy | 3 | |
| Scroll of Town Portal | 8 | |
| Potion of Healing | 3 | |
| Orb of Corruption | 1 | |
| Dust of Appearance | 1 | |
| Orb of Fire | 1 | |
17 total
JesusSaves (
yellow | 22 APM | 659 actions | 29:56)
» actions
| Basic commands | 23 | |
| Build / train | 70 | |
| Enter build submenu | 54 | |
| Remove unit from queue | 3 | |
| Right click | 201 | |
| Select / deselect | 221 | |
| Use ability | 87 | |
659 total
» units
» upgrades
| Masonry | 3 | |
| Lumber Harvesting | 2 | |
| Magic Sentry | 1 | |
6 total
» buildings
| Farm | 11 | |
| Lumber Mill | 2 | |
| Scout Tower | 49 | |
| Guard Tower | 37 | |
| Arcane Tower | 1 | |
| Keep | 1 | |
| Altar of Kings | 1 | |
| Castle | 1 | |
| Arcane Sanctum | 1 | |
| Town Hall | 2 | |
106 total
» build order
00:42 Farm
00:52 Farm
00:53 Farm
00:54 Farm
00:55 Farm
00:56 Farm
01:01 Farm
01:02 Farm
01:03 Farm
01:05 Farm
01:06 Farm
01:24 Lumber Mill
02:08 Scout Tower
02:13 Scout Tower
02:15 Scout Tower
02:18 Scout Tower
03:02 Guard Tower
03:03 Guard Tower
03:07 Guard Tower
03:09 Guard Tower
03:12 Scout Tower
03:39 Arcane Tower
04:12 Keep
07:38 Altar of Kings
08:47 Castle
08:59 Scout Tower
09:01 Scout Tower
09:02 Scout Tower
09:05 Scout Tower
09:06 Scout Tower
09:08 Scout Tower
09:08 Scout Tower
09:10 Scout Tower
09:11 Scout Tower
09:14 Scout Tower
09:18 Scout Tower
09:57 Guard Tower
10:00 Guard Tower
10:02 Guard Tower
10:04 Guard Tower
10:09 Guard Tower
10:11 Guard Tower
10:16 Guard Tower
10:28 Guard Tower
13:43 Arcane Sanctum
15:24 Lumber Mill
19:43 Scout Tower
19:45 Scout Tower
19:47 Scout Tower
19:49 Scout Tower
19:50 Scout Tower
19:53 Scout Tower
19:54 Scout Tower
19:56 Scout Tower
19:57 Scout Tower
20:01 Scout Tower
20:02 Scout Tower
20:12 Guard Tower
20:13 Guard Tower
20:13 Guard Tower
20:16 Guard Tower
20:16 Guard Tower
20:17 Guard Tower
20:17 Guard Tower
20:19 Guard Tower
20:19 Guard Tower
20:19 Guard Tower
20:21 Guard Tower
20:21 Guard Tower
20:21 Guard Tower
20:28 Guard Tower
20:28 Guard Tower
20:28 Guard Tower
20:38 Town Hall
21:02 Guard Tower
21:25 Guard Tower
24:26 Scout Tower
24:27 Scout Tower
24:28 Scout Tower
24:29 Scout Tower
25:56 Scout Tower
25:58 Scout Tower
26:05 Scout Tower
26:08 Scout Tower
26:10 Scout Tower
26:11 Scout Tower
26:13 Scout Tower
26:37 Guard Tower
26:42 Guard Tower
26:55 Town Hall
28:54 Scout Tower
28:55 Scout Tower
28:57 Scout Tower
28:59 Scout Tower
29:00 Scout Tower
29:01 Scout Tower
29:02 Scout Tower
29:03 Scout Tower
29:05 Scout Tower
29:06 Scout Tower
29:09 Scout Tower
DeusMeAjude (
teal | 50 APM | 1487 actions | 29:55)
7 Demon Hunter
3 Immolation
3 Evasion
1 Metamorphosis
» actions
| Basic commands | 19 | |
| Build / train | 71 | |
| Enter build submenu | 13 | |
| Enter hero's abilities submenu | 7 | |
| Remove unit from queue | 1 | |
| Right click | 961 | |
| Select / deselect | 348 | |
| Use ability | 67 | |
1487 total
» units
| Wisp | 14 | |
| Archer | 7 | |
| Huntress | 4 | |
| Dryad | 5 | |
| Druid of the Claw | 13 | |
43 total
» upgrades
| Strength of the Wild | 3 | |
| Reinforced Hides | 3 | |
| Abolish Magic | 1 | |
| Druid of the Claw Training | 2 | |
| Mark of the Claw | 1 | |
| Ultravision | 1 | |
11 total
» buildings
| Altar of Elders | 1 | |
| Moon Well | 6 | |
| Ancient of War | 1 | |
| Hunter's Hall | 1 | |
| Tree of Ages | 1 | |
| Ancient of Lore | 2 | |
| Tree of Eternity | 1 | |
| Ancient Protector | 1 | |
| Tree of Life | 1 | |
15 total
» build order
00:10 Altar of Elders
00:16 Moon Well
00:36 Ancient of War
01:16 Moon Well
02:25 Moon Well
03:50 Hunter's Hall
04:47 Tree of Ages
05:45 Moon Well
07:14 Ancient of Lore
07:18 Ancient of Lore
08:55 Tree of Eternity
13:02 Moon Well
13:36 Ancient Protector
14:03 Moon Well
28:01 Tree of Life
» items
| Scroll of Town Portal | 4 | |
| Potion of Lesser Invulnerability | 2 | |
6 total
team 2 (loser)

»
DOUGLASCALACA (
purple | 48 APM | 1409 actions | 29:18)
7 Warden
3 Fan of Knives
3 Blink
1 Spirit of Vengeance
1 Blademaster
1 Wind Walk
» actions
| Assign group hotkey | 37 | |
| Build / train | 105 | |
| Enter build submenu | 10 | |
| Enter hero's abilities submenu | 8 | |
| Give item / drop item | 1 | |
| Remove unit from queue | 4 | |
| Right click | 493 | |
| Select / deselect | 280 | |
| Select group hotkey | 289 | |
| Use ability | 182 | |
1409 total
» units
| Wisp | 22 | |
| Druid of the Claw | 17 | |
| Dryad | 19 | |
| Troll Batrider | 12 | |
70 total
» upgrades
| Druid of the Claw Training | 2 | |
| Well Spring | 1 | |
| Strength of the Wild | 3 | |
| Reinforced Hides | 2 | |
| Mark of the Claw | 1 | |
9 total
» buildings
| Altar of Elders | 1 | |
| Moon Well | 7 | |
| Tree of Ages | 1 | |
| Hunter's Hall | 1 | |
| Tree of Eternity | 1 | |
| Ancient of Lore | 2 | |
| Tree of Life | 1 | |
| Ancient of Wonders | 1 | |
15 total
» build order
00:09 Altar of Elders
00:12 Moon Well
01:38 Moon Well
01:39 Moon Well
01:41 Moon Well
02:43 Tree of Ages
03:35 Hunter's Hall
03:48 Moon Well
03:49 Moon Well
03:49 Moon Well
05:05 Tree of Eternity
05:32 Ancient of Lore
05:36 Ancient of Lore
14:02 Tree of Life
19:07 Ancient of Wonders
» items
| Orb of Lightning | 1 | |
| Scroll of Town Portal | 5 | |
| Boots of Speed | 2 | |
| Orb of Venom | 1 | |
9 total
dylanstuckybaby (
orange | 35 APM | 812 actions | 23:21)
7 Far Seer
3 Feral Spirit
3 Chain Lighting
1 Earth Quake
» actions
| Basic commands | 19 | |
| Build / train | 71 | |
| Enter build submenu | 18 | |
| Enter hero's abilities submenu | 7 | |
| Give item / drop item | 1 | |
| Right click | 373 | |
| Select / deselect | 259 | |
| Use ability | 64 | |
812 total
» units
| Peon | 8 | |
| Grunt | 7 | |
| Shaman | 5 | |
| Tauren | 7 | |
27 total
» upgrades
| Melee Weapons | 2 | |
| Armor | 2 | |
| Spiked Barricades | 1 | |
| Shaman Training | 2 | |
| Pulverize | 1 | |
8 total
» buildings
| Altar of Storms | 2 | |
| Orc Burrow | 8 | |
| Barracks | 1 | |
| War Mill | 1 | |
| Stronghold | 2 | |
| Voodoo Lounge | 1 | |
| Spirit Lodge | 1 | |
| Fortress | 1 | |
| Tauren Totem | 2 | |
| Great Hall | 1 | |
20 total
» build order
00:34 Altar of Storms
00:38 Orc Burrow
00:53 Barracks
01:35 Orc Burrow
01:52 War Mill
03:02 Orc Burrow
04:01 Stronghold
05:18 Voodoo Lounge
05:28 Orc Burrow
06:28 Spirit Lodge
06:32 Fortress
09:31 Tauren Totem
09:35 Tauren Totem
09:44 Orc Burrow
14:08 Orc Burrow
14:13 Altar of Storms
16:22 Great Hall
19:06 Orc Burrow
19:09 Orc Burrow
19:18 Stronghold
» items
| Boots of Speed | 1 | |
| Healing Salve | 1 | |
| Scroll of Town Portal | 2 | |
| Potion of Mana | 1 | |
5 total

»
ohlongjohnson (
blue | 38 APM | 913 actions | 24:02)
4 Blademaster
2 Wind Walk
2 Critical Strike
1 Tauren Chieftain
1 Shockwave
2 Far Seer
1 Chain Lighting
1 Feral Spirit
» actions
| Assign group hotkey | 18 | |
| Basic commands | 20 | |
| Build / train | 77 | |
| Enter build submenu | 22 | |
| Enter hero's abilities submenu | 7 | |
| Give item / drop item | 1 | |
| Right click | 310 | |
| Select / deselect | 262 | |
| Select group hotkey | 120 | |
| Use ability | 76 | |
913 total
» units
| Peon | 11 | |
| Grunt | 10 | |
| Shaman | 5 | |
| Troll Witch Doctor | 3 | |
| Troll Batrider | 14 | |
43 total
» upgrades
| Armor | 2 | |
| Melee Weapons | 2 | |
| Spiked Barricades | 1 | |
| Pillage | 1 | |
| Berserker Strength | 1 | |
| Shaman Training | 2 | |
| Witch Doctor Training | 2 | |
| Reinforced Defenses | 1 | |
12 total
» buildings
| Orc Burrow | 5 | |
| Altar of Storms | 1 | |
| Barracks | 1 | |
| War Mill | 1 | |
| Voodoo Lounge | 1 | |
| Watch Tower | 6 | |
| Stronghold | 1 | |
| Fortress | 1 | |
| Spirit Lodge | 3 | |
| Beastiary | 2 | |
| Great Hall | 1 | |
23 total
» build order
00:13 Orc Burrow
00:25 Altar of Storms
01:28 Barracks
01:57 Orc Burrow
02:17 War Mill
02:35 Voodoo Lounge
02:52 Orc Burrow
03:51 Watch Tower
04:29 Watch Tower
04:53 Stronghold
06:43 Orc Burrow
09:18 Fortress
10:02 Spirit Lodge
10:06 Spirit Lodge
11:31 Spirit Lodge
11:37 Orc Burrow
13:34 Watch Tower
14:07 Beastiary
14:12 Beastiary
15:45 Watch Tower
19:07 Great Hall
19:15 Watch Tower
19:55 Watch Tower
» items
| Healing Salve | 4 | |
| Scroll of Speed | 3 | |
| Scroll of Town Portal | 2 | |
| Orb of Lightning | 1 | |
10 total

»
demonthor (
red | 34 APM | 1029 actions | 29:54)
2 Priestess of the Moon
1 Trueshot Aura
1 Searing Arrows
3 Keeper of the Grove
2 Entangling Roots
1 Thorns Aura
» actions
| Assign group hotkey | 13 | |
| Basic commands | 3 | |
| Build / train | 58 | |
| Enter build submenu | 24 | |
| Enter hero's abilities submenu | 5 | |
| Give item / drop item | 1 | |
| Remove unit from queue | 2 | |
| Right click | 489 | |
| Select / deselect | 307 | |
| Select group hotkey | 80 | |
| Use ability | 47 | |
1029 total
» units
| Wisp | 19 | |
| Archer | 9 | |
| Giant Sea Turtle | 3 | |
| Glaive Thrower | 6 | |
| Makrura Snapper | 2 | |
| Mur'gul Snarecaster | 2 | |
| Makrura Deepseer | 2 | |
43 total
» upgrades
| Strength of the Moon | 1 | |
| Vorpal Blades | 1 | |
| Nature's Blessing | 1 | |
3 total
» buildings
| Moon Well | 5 | |
| Ancient of War | 2 | |
| Altar of Elders | 1 | |
| Hunter's Hall | 1 | |
| Ancient Protector | 11 | |
| Tree of Ages | 1 | |
| Ancient of Wind | 1 | |
22 total
» build order
00:31 Moon Well
00:41 Ancient of War
01:50 Altar of Elders
02:44 Moon Well
02:51 Moon Well
03:05 Hunter's Hall
04:11 Ancient Protector
04:15 Ancient Protector
04:27 Moon Well
05:38 Ancient Protector
06:16 Tree of Ages
07:13 Ancient Protector
07:15 Ancient Protector
08:50 Ancient Protector
08:54 Ancient Protector
09:38 Ancient Protector
09:54 Ancient Protector
10:09 Ancient of War
10:19 Ancient Protector
11:08 Moon Well
13:55 Ancient Protector
19:15 Ancient of Wind
» items
| Healing Salve | 1 | |
| Lesser Clarity Potion | 1 | |
2 total
Chat log
(00:05 / Allies) CRITICAL_: SUP BRO
(00:14 / Allies) CRITICAL_: 100g if someone is able
(00:32 / Allies) CRITICAL_: ty
(00:34 / Allies) HEYSUPBRO: capslock was activated
(00:40 / Allies) HEYSUPBRO: both
(00:56 / Allies) CRITICAL_: dk lich fiend wyrm probably
(01:21 / Allies) CRITICAL_: what u going teal and yellow
(01:53 / Allies) HEYSUPBRO: i should get a maphack
(02:03 / Allies) CRITICAL_: i used to have one but doesnt work anymore after the patch lol
(02:11 / Allies) CRITICAL_: like it without
(02:14 / Allies) HEYSUPBRO: rly?
(02:22 / Allies) CRITICAL_: got so used to cheating but its nice playing without it now lol
(02:23 / Allies) HEYSUPBRO: awesome
(02:29 / Allies) HEYSUPBRO: yea
(02:34 / Allies) HEYSUPBRO: but in 4vs4
(02:42 / Allies) CRITICAL_: yeah most dont. im sure there is a new one out there now but a lot of people lost theirs
(02:46 / Allies) HEYSUPBRO: 1 cheater and u fucked up
(02:52 / Allies) CRITICAL_: eh not really
(02:53 / Allies) HEYSUPBRO: good
(02:55 / Allies) CRITICAL_: most were newbs
(03:06 / Allies) CRITICAL_: im good without too :)
(03:15 / Allies) HEYSUPBRO: gonna see that
(03:16 / Allies) HEYSUPBRO: ;)
(04:14 / Allies) CRITICAL_: dude
(04:16 / Allies) CRITICAL_: get creeping
(04:17 / Allies) HEYSUPBRO: fucking murguls
(04:18 / Allies) CRITICAL_: dont just fucking sit
(04:27 / Allies) CRITICAL_: MOVE
(04:28 / Allies) HEYSUPBRO: kill some fucking murugl
(04:37 / Allies) HEYSUPBRO: they ugly
(04:41 / Allies) DeusMeAjude: shut up freak
(04:42 / Allies) CRITICAL_: k teal newb obvoiusly
(04:56 / Allies) JesusSaves: Hello my friends
(04:58 / All) HEYSUPBRO: N
(04:59 / All) HEYSUPBRO: E
(05:00 / All) HEYSUPBRO: W
(05:01 / All) HEYSUPBRO: B
(05:07 / Allies) HEYSUPBRO: hello jesus
(05:12 / Allies) JesusSaves: Have you accepted the lord Jesus Christ into your hearts today?
(05:21 / Allies) HEYSUPBRO: allah wakbar
(05:24 / Allies) CRITICAL_: jesus.
(05:26 / Allies) CRITICAL_: hes not even playing.
(05:29 / Allies) HEYSUPBRO: we carry
(05:30 / Allies) HEYSUPBRO: bro
(05:31 / Allies) CRITICAL_: u and me pink
(05:33 / Allies) HEYSUPBRO: we carry them
(05:35 / Allies) CRITICAL_: come to me teal
(05:36 / Allies) CRITICAL_: lets hit
(05:45 / Allies) CRITICAL_: newb here too
(05:46 / Allies) JesusSaves: Are you Christians or godless masturbators?
(05:48 / Allies) CRITICAL_: come to me teal
(05:54 / Allies) HEYSUPBRO: lol
(06:09 / Allies) CRITICAL_: meet her
(06:12 / Allies) CRITICAL_: now
(06:19 / Allies) CRITICAL_: can you at least share gold yellow
(06:28 / Allies) JesusSaves: Are you a brother in Christ?
(06:41 / Allies) CRITICAL_: obviously
(06:43 / All) HEYSUPBRO: SUP
(06:44 / All) HEYSUPBRO: MASSER
(06:45 / Allies) CRITICAL_: fight teal
(06:59 / All) HEYSUPBRO: WHERE ARE UR UNITS NOW
(07:24 / Allies) CRITICAL_: kill tower first
(07:59 / Allies) CRITICAL_: someone save?
(08:02 / All) JesusSaves: To arms brothers
(08:02 / Allies) CRITICAL_: nm
(08:03 / Allies) CRITICAL_: we good
(08:04 / Allies) HEYSUPBRO: he has tower
(08:21 / Allies) CRITICAL_: main him
(09:03 / Allies) CRITICAL_: out
(09:07 / All) CRITICAL_: TEAL
(09:08 / Allies) CRITICAL_: TP
(09:09 / Allies) CRITICAL_: ffs
(09:26 / Allies) CRITICAL_: learn to tp teal.
(09:44 / Allies) CRITICAL_: gold me yellow please
(09:53 / Allies) JesusSaves: of course, brother
(09:53 / Allies) CRITICAL_: ty
(09:55 / Allies) HEYSUPBRO: LOL
(10:38 / Allies) CRITICAL_: again
(10:42 / Allies) CRITICAL_: nm
(10:45 / Allies) CRITICAL_: too many towers
(10:49 / Allies) CRITICAL_: this side
(11:00 / Allies) CRITICAL_: wyrm on way
(11:25 / Allies) CRITICAL_: go pink
(11:36 / Allies) CRITICAL_: gold
(11:55 / Allies) JesusSaves: Jesus's blessings be upon you
(12:04 / Allies) HEYSUPBRO: dudue
(12:07 / Allies) HEYSUPBRO: i love u
(12:07 / Allies) CRITICAL_: main
(12:17 / Allies) CRITICAL_: b a bit
(12:42 / Allies) CRITICAL_: need air
(12:46 / Allies) CRITICAL_: yellow can you please get grphy
(12:58 / Allies) JesusSaves: We are simple monks, sir
(13:19 / Allies) HEYSUPBRO: best troll ever
(13:24 / Allies) CRITICAL_: blue there
(13:25 / Allies) HEYSUPBRO: >> donald trump
(13:48 / Allies) HEYSUPBRO: wtf
(13:49 / Allies) HEYSUPBRO: men
(13:50 / Allies) HEYSUPBRO: those noob
(13:58 / Allies) CRITICAL_: yeah just raped blue lol
(14:00 / Allies) CRITICAL_: wait for me pink
(14:07 / Allies) CRITICAL_: i have wyrms for those bear
(14:51 / Allies) HEYSUPBRO: main
(15:42 / Allies) CRITICAL_: b
(15:46 / Allies) CRITICAL_: gold
(16:58 / Allies) HEYSUPBRO: help
(16:59 / Allies) HEYSUPBRO: ud
(17:07 / Allies) DeusMeAjude: coming
(17:22 / Allies) CRITICAL_: ec
(17:24 / Allies) CRITICAL_: sec
(17:49 / All) CRITICAL_: man u guys suck
(17:57 / All) CRITICAL_: yellow just feeding and teal newb and you cant win
(18:15 / Allies) CRITICAL_: gold
(18:27 / Allies) CRITICAL_: gold
(18:29 / Allies) CRITICAL_: and ill tp
(18:59 / Allies) CRITICAL_: finishing him
(19:05 / Allies) CRITICAL_: send a few tanks
(19:26 / Allies) JesusSaves: Let's bring him word of the true faith, brother
(19:27 / Allies) CRITICAL_: come
(19:34 / Allies) HEYSUPBRO: ahaha
(19:56 / Allies) CRITICAL_: lol
(20:13 / Allies) HEYSUPBRO: dat guy
(20:50 / Allies) CRITICAL_: come pink
(20:57 / Allies) CRITICAL_: you can save ur own base
(21:23 / Allies) CRITICAL_: come teal
(21:52 / Allies) CRITICAL_: where the fuck were u guys
(21:57 / Allies) CRITICAL_: why did you both tp to pink
(21:59 / Allies) CRITICAL_: go fucking hit
(22:07 / Allies) CRITICAL_: gold
(22:08 / Allies) CRITICAL_: now
(22:23 / Allies) CRITICAL_: gold
(22:32 / Allies) JesusSaves: Blessings upon you
(22:43 / Allies) CRITICAL_: all now
(22:43 / Allies) CRITICAL_: NOW
(23:30 / Allies) CRITICAL_: and we lose
(23:32 / Allies) CRITICAL_: WHERE IS TEAL
(23:52 / Allies) JesusSaves: Keep the faith brother
(24:06 / Allies) JesusSaves: Our conviction in the in the truth of the good book will see us through
(24:07 / Allies) HEYSUPBRO: YEA BRO
(24:27 / Allies) CRITICAL_: gold
(24:40 / All) JesusSaves: Godless heathen
(24:47 / Allies) HEYSUPBRO: may I find god one day
(24:50 / Allies) HEYSUPBRO: or he will find me
(24:54 / Allies) CRITICAL_: all here
(25:17 / Allies) DeusMeAjude: kill
(25:21 / Allies) CRITICAL_: COME PINK
(25:24 / Allies) CRITICAL_: stop strayind
(26:21 / Allies) CRITICAL_: no cross?
(27:00 / Allies) CRITICAL_: stop losing ur units teal
(27:00 / Allies) CRITICAL_: jesus
(27:03 / Allies) CRITICAL_: u just lost 4 bears
(27:12 / Allies) CRITICAL_: wow teal u are basd
(27:16 / Allies) CRITICAL_: learn to use bears.
(27:28 / Allies) HEYSUPBRO: jesus learn us the tolerance between our brothers
(27:35 / Allies) CRITICAL_: lets go pink
(27:50 / Allies) CRITICAL_: kill that teal
(27:55 / Allies) JesusSaves: We are all brothers of the cloth, and must learn tolerance and patience as our lord shown on the cross
(28:07 / Allies) HEYSUPBRO: u should listen to jesus
(28:27 / Allies) HEYSUPBRO: this is for the church
(28:35 / Allies) JesusSaves: Blessings be upon you brother
(28:42 / Allies) HEYSUPBRO: gracias tequiero
(29:21 / Allies) CRITICAL_: nice
(29:24 / Allies) CRITICAL_: gg guys
(29:27 / All) HEYSUPBRO: jesus bring us the victory
(29:50 / All) HEYSUPBRO: he purificate this world with his crosses all over the map
(29:54 / All) HEYSUPBRO: i found jesus in this game